[Event "Kezmarok Chess Open 2022"]
[Site "Kezmarok"]
[Date "2022.09.27"]
[Round "5.1"]
[White "Hagarova, Zuzana"]
[Black "Berezjuk, Sergej"]
[Result "1/2-1/2"]
[ECO "B30"]
[WhiteElo "2287"]
[BlackElo "2382"]
[Annotator "TA"]
[PlyCount "221"]
[EventDate "2022.09.24"]
[EventType "swiss"]
[EventCountry "SVK"]
[SourceTitle "playchess.com"]
[Source "ChessBase"]
[SourceQuality "1"]
[TimeControl "40/5400+30:1800+30"]

1. e4 c5 2. Nf3 Nc6 3. Nc3 e5 4. Bc4 d6 5. d3 h6 6. h3 {[%emt 0:05:06] B30: Sicilian: 2...Nc6 3 Bb5, lines without ...g6.} g6 7. O-O Bg7 8. Nh2 {[%emt 0:01:15] White has an edge.} Nf6 9. f4 {[%emt 0:02:46] [#]} exf4 $146 ({Predecessor:} 9... Nd4 10. Nf3 exf4 11. Bxf4 O-O 12. Nxd4 cxd4 13. Nd5 Nh5 14. Qf3 Kh7 15. g4 Nxf4 16. Nxf4 {1-0 (51) Kurcsics,M (1960)-Bubits,B (2185) Hungary 2017}) 10. Bxf4 {[%emt 0:00:26] Black should prevent Nb5.} O-O 11. Qd2 g5 12. Be3 Be6 13. Nf3 (13. h4 $14) 13... Nd7 14. Nd5 Nb6 15. Nxb6 (15. Bb3 $5 ) 15... Qxb6 16. c3 Rad8 (16... Bxc4 $11 {keeps the balance.} 17. dxc4 Rae8) 17. h4 (17. Bxe6 $142 fxe6 18. h4) 17... d5 (17... Bxc4 $16 18. hxg5 (18. dxc4 f6 $11) 18... Be6 19. gxh6 Bf6) 18. exd5 $1 $18 Bxd5 19. Qf2 $1 ({Much less strong is} 19. Bxd5 $6 Rxd5 20. hxg5 hxg5 $16) 19... Bxc4 20. dxc4 Nd4 21. hxg5 Nxf3+ 22. Qxf3 hxg5 23. Bxg5 Rd7 (23... Rde8 $16) 24. Rae1 Qg6 25. Qf5 (25. Be7 $18) 25... Qxf5 $16 26. Rxf5 f6 27. Bf4 {[%emt 0:00:31] White is more active.} Rc8 28. Rd5 Rf7 29. Kf2 $36 {[%emt 0:01:04][%mdl 2048] Black is under strong pressure.} Bf8 (29... b6 $142 30. Kf3 Kh7) 30. Kf3 $18 Kg7 31. Re6 Be7 32. Rd7 Bd8 (32... Bf8 {was necessary.} 33. Rd5 Kg6) 33. Red6 Bb6 34. Rxf7+ Kxf7 {[%emt 0:00:02][%mdl 4096] Endgame KRB-KRB} 35. Rd7+ Ke6 36. Rxb7 Rd8 37. Rb8 Rd1 38. Re8+ Kf5 {[%emt 0:00:20] And now ...Rf1+ would win.} 39. g4+ Kg6 40. Re2 Rf1+ 41. Ke4 Rg1 42. Kf3 Rf1+ 43. Rf2 Ra1 44. a3 f5 45. Be3 Re1 46. gxf5+ Kxf5 47. Rd2 Ke6 48. Ke4 {[%emt 0:00:00] Strongly threatening Rg2.} Rh1 $2 (48... a5 49. a4 Bc7) 49. Rg2 Kd7 50. Rg7+ Kc6 51. Kd3 Rh3 52. Ke4 $2 (52. Rg5 $18) 52... a5 $2 (52... Rh1 $11 53. b4 cxb4) 53. Rg6+ Kb7 54. Bf2 $2 (54. Rh6 Rg3 55. b4) 54... a4 55. Bg3 ({Better is} 55. Rf6 $18) 55... Rh1 (55... Bc7 $14) 56. Rd6 Rg1 57. Bf4 Rg2 58. Bd2 Bc7 59. Rd5 Kc6 60. Kf3 {[%emt 0:00:54] Inhibits Rg4.} Rg3+ 61. Ke2 $1 Rg4 62. Kd3 $1 Rg3+ (62... Bf4 $142) 63. Kc2 $1 $16 Rg4 64. b3 $1 axb3+ 65. Kxb3 Rg8 66. Be3 Bd6 67. Rh5 Rg3 68. Bd2 Rg2 69. Rd5 Re2 70. a4 Re8 71. Rh5 Re2 72. Bc1 Bc7 73. Rh6+ Kb7 74. Ba3 Re5 75. a5 ({White should play} 75. Rh7 $16) 75... Bxa5 $11 76. Ka4 Bxc3 77. Kb5 Bb4 78. Bc1 Re7 79. Bf4 Rf7 80. Bh2 Ka8 81. Rh8+ Ka7 82. Bb8+ Kb7 83. Bd6 Rd7 84. Bh2 Ka7 85. Kc6 Rf7 86. Bb8+ Ka6 87. Bc7 Rf6+ 88. Bd6 Ka7 {[%emt 0:00:12] Against Ra8+} 89. Rh1 {[%emt 0:01:01] White threatens Ra1+ and mate.} Ka6 90. Ra1+ Ba5 91. Kxc5 Rf7 $2 {[%emt 0:04:18][%mdl 8192] Against Bc7} (91... Rf5+ $11 92. Kc6 Rh5) 92. Kc6 $18 Rf6 93. Kd5 Rf5+ 94. Ke6 Rh5 95. Bc7 Rh6+ 96. Kd5 Rh5+ 97. Kd4 Rh4+ 98. Kd5 Rh5+ 99. Kc6 $2 (99. Ke4 $1 $18 Rh4+ 100. Kd3) 99... Rh6+ $11 100. Bd6 Rh4 101. c5 {[%emt 0:00:41] Hoping for Bc7.} Rh7 $2 {[%emt 0:02:06][%mdl 8192] [#] Inhibits Bc7.} (101... Rh6 $11) 102. Rb1 $2 ({Only move:} 102. Bf4 $1 $18 Rh8 103. Bc7 Rh6+ 104. Kd5 Rh5+ 105. Kd6 Rh6+ 106. Kd5 Rh5+ 107. Kd4) 102... Rh8 $1 103. Kd7 Rd8+ 104. Kc6 Rh8 105. Ra1 $2 (105. Bf4 $11) 105... Rh7 $18 {[%emt 0:00:10] [#]} 106. Rf1 $2 (106. Bf4 $1 $18 {is the precise move to win.} Rh8 107. Bc7 Rh6+ 108. Kd5 Rh5+ 109. Kd6 Rh6+ 110. Kd5 Rh5+ 111. Kd6 Rh6+ 112. Ke5 Rh5+ 113. Kd4) 106... Bb4 $2 (106... Rh8 $16) 107. Rf4 $2 (107. Rf2 $18 Ba5 108. Ra2) 107... Ka5 $11 {[%emt 0:00:24] The position is equal.} 108. Bc7+ Rxc7+ $1 109. Kxc7 Bxc5 110. Kc6 Be3 111. Re4 {Weighted Error Value: White=0.35/Black=0.43} 1/2-1/2

[Event "Kezmarok Chess Open 2022"]
[Site "Kezmarok"]
[Date "2022.09.27"]
[Round "5.2"]
[White "Dubessay, Bastien"]
[Black "Jablonicky, Martin"]
[Result "1-0"]
[ECO "A48"]
[WhiteElo "2259"]
[BlackElo "2344"]
[Annotator "TA"]
[PlyCount "109"]
[EventDate "2022.09.24"]
[EventType "swiss"]
[EventCountry "SVK"]
[SourceTitle "playchess.com"]
[Source "ChessBase"]
[SourceQuality "1"]
[TimeControl "40/5400+30:1800+30"]

1. d4 Nf6 2. Nf3 g6 3. c4 Bg7 4. Nc3 O-O 5. Bg5 c5 6. d5 {[%emt 0:00:10] E61: King's Indian: Early deviations for White, including Smyslov System.} b5 7. cxb5 a6 8. e3 {[%emt 0:00:25] White has an edge.} h6 {[%emt 0:03:44] [#]} 9. Bxf6 $146 ({Predecessor:} 9. Bf4 Qa5 10. Nd2 axb5 11. Bxb5 Nxd5 12. Nxd5 Qxb5 13. a4 Qxb2 14. Rb1 Qa2 15. Nxe7+ {0-1 (33) Danielian,E (2489)-Lagno,K (2483) Novi Sad 2009}) 9... Bxf6 10. d6 {[%emt 0:00:05] Strongly threatening Qd5.} e6 {[%emt 0:02:35] Prevents Qd5.} 11. a4 Qa5 12. Rc1 Qb4 13. Be2 (13. Qd2 $16) 13... axb5 $11 14. axb5 Ra2 $1 15. O-O Rxb2 16. Nb1 {[%emt 0:00:20][%cal Bc3b1,Bb1d2,Bd2c4][%mdl 32] With the idea Nbd2.} Bb7 {[%emt 0:00:47] White stays focused until the end.} (16... c4 $1 $11) 17. Nbd2 $16 Bd5 18. Nc4 Ra2 19. Rb1 Qc3 20. Rb3 Qc2 21. Bd3 Qxd1 22. Rxd1 Bd8 23. Rbb1 Ra4 24. Nfd2 {[%emt 0:03:45] White is more active.} f5 25. Ra1 Rb4 {[%emt 0:00:31] [#]} 26. Rdb1 $1 Bf6 27. Ra7 Bc3 28. Rc7 Rxb1+ 29. Bxb1 Bb4 30. f3 e5 31. e4 Be6 32. Kf1 Kg7 33. Ke2 Kf6 34. Bd3 f4 (34... h5 {is a better defense.} 35. Nb3 fxe4) 35. Nb6 g5 (35... c4 $142) 36. Nd5+ $18 Bxd5 (36... Kg7 $142 37. Bc4 Ba5) 37. exd5 Bxd2 38. Kxd2 {[%emt 0:00:08][%mdl 4096] Endgame KRB-KRN} e4 39. b6 exd3 {[%emt 0:01:43] [#] KRN-KR} 40. b7 $1 {[%emt 0:00:13] Black must now prevent Rc8.} Kg7 41. Rxc5 ({White has to play} 41. Kxd3 $18 {Hoping for Rc8.} Rf6 42. Rc8 (42. Rxc5 Rxd6 43. Rc8 Na6 $11) 42... Rxd6 43. Rxb8) 41... Rf6 $2 (41... Na6 $11 42. Rc8 Rf5) 42. Rc8 {[%emt 0:00:11] White is clearly winning.} Rxd6 43. Rxb8 {[%emt 0:00:04][%cal Ob8g8] KR-KR} Rb6 44. Kxd3 {[%emt 0:02:46] And now Kd4 would win.} d6 45. Ke4 Rb5 46. h3 Kh7 47. h4 Kg7 48. h5 Kh7 49. Rd8 Rxb7 50. Rxd6 Rb2 51. Rg6 Rxg2 52. d6 Rd2 53. Ke5 Rd3 54. Ke6 {[%emt 0:01:59] White wants to mate with d7.} Rxf3 55. d7 {[%emt 0:00:06] Weighted Error Value: White=0.17 (very precise) /Black=0.39} 1-0

[Event "Kezmarok Chess Open 2022"]
[Site "Kezmarok"]
[Date "2022.09.27"]
[Round "5.3"]
[White "Manik, Mikulas"]
[Black "Wisniewski, Michal"]
[Result "1-0"]
[ECO "B07"]
[WhiteElo "2362"]
[BlackElo "2152"]
[Annotator "TA"]
[PlyCount "56"]
[EventDate "2022.09.24"]
[EventType "swiss"]
[EventCountry "SVK"]
[SourceTitle "playchess.com"]
[Source "ChessBase"]
[SourceQuality "1"]
[TimeControl "40/5400+30:1800+30"]

1. e4 d6 2. d4 Nf6 3. Nc3 g6 4. Be3 c6 5. h3 Nbd7 6. Nf3 {[%emt 0:02:21] B07: Pirc Defence: Miscellaneous Systems.} e5 7. dxe5 dxe5 8. Bc4 {[%emt 0:01:51] Ng5 is the strong threat. White is slightly better.} Bg7 (8... Bb4 $11) 9. Qd6 $16 Qe7 10. Qxe7+ Kxe7 11. a4 $36 {[%emt 0:00:20][%mdl 2048] Against b5. White is really pushing.} b6 12. O-O-O h6 {[%emt 0:00:53] [#]} 13. Rd3 $146 {[%emt 0:07:07] White is much more active. The black rooks are badly placed.} ({Predecessor:} 13. Rhe1 Ne8 14. Kb1 Nd6 15. Nd2 Rd8 16. b3 Nf8 17. Na2 Nxc4 18. Nxc4 Be6 19. Nb4 Rxd1+ 20. Rxd1 {½-½ (34) Lukac,T (1932)-Lauf,P (2140) Slovakia 2009}) 13... Rd8 14. Rhd1 Bb7 15. b4 ({White should play} 15. Ne1 $16) 15... c5 16. b5 Rac8 17. Nd5+ (17. Nd2 $1 $16) 17... Bxd5 $11 18. Bxd5 {[%emt 0:00:03] Threatens to win with Bb7.} ({Wrong is} 18. exd5 $2 e4 19. d6+ Kf8 $19) 18... c4 19. Rc3 Nxd5 20. Rxd5 f5 21. Rd1 {[%emt 0:13:12] [#]} (21. exf5 $1 $11 gxf5 22. g3) 21... f4 $1 $17 ({Don't play} 21... fxe4 $6 22. Nd2 $11) 22. Bd2 Ke6 23. g3 {[%emt 0:02:24] [#]} (23. Be1 $17) 23... g5 $1 $19 24. Rg1 fxg3 25. fxg3 Nf6 26. Re3 Bf8 27. Rge1 Bc5 28. Rc3 $2 (28. R3e2 Ba3+ 29. Kb1) 28... Bb4 {[%mdl 32768] Weighted Error Value: White=0.42/Black=0.11 (very precise) . Loss on time!?} 1-0

[Event "Kezmarok Chess Open 2022"]
[Site "Kezmarok"]
[Date "2022.09.27"]
[Round "5.4"]
[White "Bazakutsa, Svyatoslav"]
[Black "Walter, Ema"]
[Result "1-0"]
[ECO "A20"]
[WhiteElo "2182"]
[BlackElo "2062"]
[Annotator "TA"]
[PlyCount "83"]
[EventDate "2022.09.24"]
[EventType "swiss"]
[EventCountry "SVK"]
[SourceTitle "playchess.com"]
[Source "ChessBase"]
[SourceQuality "1"]
[TimeControl "40/5400+30:1800+30"]

1. c4 e5 2. g3 c6 3. Nf3 e4 4. Nd4 d5 5. cxd5 Qxd5 6. Nc2 {[%emt 0:00:08] A20: English Opening: 1...e5.} Nf6 7. Nc3 Qe5 8. Bg2 {[%emt 0:00:08] The position is equal.} Na6 9. O-O Be7 10. d4 exd3 $1 11. Qxd3 Qh5 12. e4 O-O 13. f3 {[%emt 0:00:05] [#]} (13. Qd1 $5 ) 13... Rd8 $146 ({Predecessor:} 13... Be6 14. Be3 Rfd8 15. Qe2 Bc5 16. Rad1 Bxe3+ 17. Qxe3 Qe5 18. Nd4 Bc4 19. Rfe1 Nb4 {1-0 (27) Bazakutsa,S (2018)-Lavrencic,M (1521) Tornelo INT 2020}) 14. Qe2 Nb4 15. Be3 Nxc2 16. Qxc2 Bc5 17. Qf2 Bxe3 18. Qxe3 Be6 19. Rfd1 Qa5 20. h3 Qb6 21. Qf2 Nd7 22. Rd4 Qc7 23. Rad1 Nb6 24. f4 f6 25. Bf1 Kf8 26. Kg2 Ke8 27. Be2 Bf7 28. e5 {[%emt 0:09:49] And now exf6 would win.} fxe5 29. Re4 (29. fxe5 $5 Rxd4 30. Rxd4 $14 (30. Qxd4 Rd8 $11)) 29... Rxd1 30. Bxd1 Rd8 31. Bg4 Bd5 (31... Nc4 $11) 32. Nxd5 $16 cxd5 33. Rxe5+ Kf8 34. Be6 $36 {[%emt 0:02:14][%mdl 2048] aiming for Rf5+. White is in control. White is more active.} g6 {[%emt 0:08:14] Inhibits Rf5+.} (34... Rd6 $16 {is a better defense.}) 35. Qd4 $18 Qc2+ 36. Kg1 Qc1+ {[%emt 0:01:08] [#]} 37. Kf2 $1 {[%emt 0:00:12] White threatens Qb4+ and mate. Chess con chili.} Qc7 38. Re2 {[%emt 0:04:49] Intending Qf6+ and mate.} Qg7 {[%emt 0:01:16] Inhibits Qf6+.} 39. Qb4+ Qe7 {[%emt 0:00:23] [#]} 40. Qxe7+ Kxe7 41. Bxd5+ $1 Kf6 42. Bxb7 {Weighted Error Value: White=0.04 (flawless) /Black=0.13 (very precise)} 1-0

[Event "Kezmarok Chess Open 2022"]
[Site "Kezmarok"]
[Date "2022.09.27"]
[Round "5.5"]
[White "Sosovickova, Jana"]
[Black "Kovac, Lubomir"]
[Result "1/2-1/2"]
[ECO "C55"]
[WhiteElo "2039"]
[BlackElo "2091"]
[Annotator "TA"]
[PlyCount "45"]
[EventDate "2022.09.24"]
[EventType "swiss"]
[EventCountry "SVK"]
[SourceTitle "playchess.com"]
[Source "ChessBase"]
[SourceQuality "1"]
[TimeControl "40/5400+30:1800+30"]

1. e4 e5 2. Nf3 Nc6 3. Bc4 Nf6 4. d3 Be7 5. O-O O-O 6. Re1 d6 7. a4 Bg4 8. c3 {C55: Two Knights: 4 d3, 4 d4 exd4 5 e5 and Max Lange Attack.} d5 9. exd5 Nxd5 10. h3 {White is slightly better.} Bh5 11. g4 ({Better is} 11. a5 $14) 11... Bg6 $11 12. Nxe5 (12. a5 $5 ) 12... Nxe5 13. Rxe5 Nb6 14. Bb3 {[#]} Bf6 $146 ({Predecessor:} 14... Bxd3 15. Rxe7 Qxe7 16. Qxd3 Qe1+ 17. Qf1 Rae8 18. Be3 Rxe3 19. fxe3 Qxe3+ 20. Kg2 Qe4+ {1-0 (27) Martinelli,R (1678)-Moreno,N (1684) Montevideo 2021}) 15. Re3 Bg5 16. Rf3 Bxc1 17. Qxc1 Bxd3 18. a5 Nc8 19. Qd2 Bg6 {The position is equal.} 20. Qxd8 Rxd8 21. Na3 Nd6 22. Re1 Re8 23. Rfe3 {Weighted Error Value: White=0.17 (very precise) /Black=0.12 (very precise)} 1/2-1/2

[Event "Kezmarok Chess Open 2022"]
[Site "Kezmarok"]
[Date "2022.09.27"]
[Round "5.6"]
[White "Demeter, Peter"]
[Black "Belus, Benjamin"]
[Result "1-0"]
[ECO "A06"]
[WhiteElo "2067"]
[BlackElo "1932"]
[Annotator "TA"]
[PlyCount "31"]
[EventDate "2022.09.24"]
[EventType "swiss"]
[EventCountry "SVK"]
[SourceTitle "playchess.com"]
[Source "ChessBase"]
[SourceQuality "1"]
[TimeControl "40/5400+30:1800+30"]

1. Nf3 d5 2. g3 g6 3. Bg2 Bg7 4. c4 Nf6 5. cxd5 Nxd5 6. Nc3 Nxc3 7. bxc3 O-O 8. O-O Nc6 9. Qc2 {A16: English Opening: 1...Nf6 with ...d5.} (9. d4 {keeps more tension.} e5 10. Bg5 f6 11. Bc1) 9... Rb8 10. d3 b6 {[#]} 11. Bd2 $146 {The position is equal.} ({Predecessor:} 11. Rb1 Bb7 12. Rd1 Na5 13. Bf4 Rc8 14. Bh3 e6 15. Bg2 c5 16. h4 Qe7 17. Bg5 f6 18. Be3 e5 19. h5 {½-½ (29) Lein,A-Bagirov,V Riga 1968}) 11... Bb7 12. Qa4 a5 13. Rac1 Ne5 14. Nxe5 Bxe5 $4 {[%mdl 8192] [#]} (14... Bxg2 $11 15. Kxg2 Bxe5) 15. Bxb7 $18 Rxb7 16. Qe4 $1 {[%csl LRb7,LRe5] Black got outplayed after the opening.  Weighted Error Value: White=0.09 (flawless) /Black=0.99} 1-0

[Event "Kezmarok Chess Open 2022"]
[Site "Kezmarok"]
[Date "2022.09.27"]
[Round "5.7"]
[White "Elias, David"]
[Black "Velychko, Semen"]
[Result "1-0"]
[ECO "D85"]
[WhiteElo "1988"]
[BlackElo "1604"]
[Annotator "TA"]
[PlyCount "53"]
[EventDate "2022.09.24"]
[EventType "swiss"]
[EventCountry "SVK"]
[SourceTitle "playchess.com"]
[Source "ChessBase"]
[SourceQuality "1"]
[TimeControl "40/5400+30:1800+30"]

1. d4 Nf6 2. c4 g6 3. Nc3 d5 4. cxd5 Nxd5 5. Bd2 Bg7 6. e4 Nxc3 7. Bxc3 O-O 8. Be2 {[%emt 0:04:11] D85: Exchange Grünfeld: Unusual White 7th moves and lines with 7 Nf3.} c5 9. d5 ({But not} 9. dxc5 Bxc3+ 10. bxc3 Qc7 $15) 9... Nd7 10. Nf3 {[%emt 0:03:25] White is slightly better.} Qc7 11. O-O {[%emt 0:02:12] [#]} Ne5 $146 ({Predecessor:} 11... Rd8 12. Qb3 Qb6 13. Qa3 Qc7 14. Rac1 b6 15. Bxg7 Kxg7 16. Qc3+ Nf6 17. Bc4 Rb8 {½-½ (36) Marodi,M (2158)-Solyomvari,R (1986) Budapest 2004}) 12. Nd2 f6 13. Rc1 b6 (13... Bh6 $142) 14. b4 $16 Nd7 15. Bb5 Bb7 (15... a6 $16 {might work better.} 16. Be2 Bb7) 16. Bd4 f5 (16... Bh6 $16) 17. Qb3 $18 Kh8 18. Bxg7+ Kxg7 19. Bxd7 Qxd7 20. bxc5 bxc5 21. Rxc5 {[%emt 0:01:03] Threatens to win with Qc3+.} Rac8 22. Ra5 a6 {[%emt 0:04:44] [#]} (22... Ba8 $142 23. Rd1 a6) 23. Re1 (23. Nf3 $1 $18) 23... fxe4 (23... Qc7 $16 24. Ra3 Qc5) 24. Nxe4 {[%emt 0:00:42] aiming for Nc5.} Qc7 (24... Qd8 $142 25. Qb4 (25. Qxb7 Qxa5 26. Qxe7+ Kh8 $16) 25... Rc4 26. Qxc4 (26. Qxb7 Qxa5 27. Qxe7+ Kg8 $16) 26... Qxa5) 25. Rc5 Qe5 {[%emt 0:01:25] [#] And now ...Rxc5 would win.} 26. Kf1 $1 Rxc5 $2 (26... Ba8 27. Ng5 Qxg5 28. Qc3+ Kf7) 27. Nxc5 {Weighted Error Value: White=0.13 (very precise) /Black=0.45} 1-0

[Event "Kezmarok Chess Open 2022"]
[Site "Kezmarok"]
[Date "2022.09.27"]
[Round "5.8"]
[White "Vestur, Rastislav"]
[Black "Bochnickova, Simona"]
[Result "0-1"]
[ECO "A09"]
[WhiteElo "1789"]
[BlackElo "1903"]
[Annotator "TA"]
[PlyCount "90"]
[EventDate "2022.09.24"]
[EventType "swiss"]
[EventCountry "SVK"]
[SourceTitle "playchess.com"]
[Source "ChessBase"]
[SourceQuality "1"]
[TimeControl "40/5400+30:1800+30"]

1. Nf3 d5 2. c4 d4 3. e3 Nc6 4. exd4 Nxd4 5. Nxd4 Qxd4 6. Be2 {[%emt 0:00:23] A09: Réti Opening: 1 Nf3 d5 2 c4.} Nf6 7. Nc3 c6 8. O-O {[%emt 0:04:51] The position is equal.} Bf5 9. d3 {[%emt 0:00:54] [#]} g6 $146 ({Predecessor:} 9... e6 10. Be3 Qd7 11. d4 Be7 12. Qb3 O-O 13. Rad1 Qc7 14. h3 Bg6 15. Bf3 Nd7 {½-½ (34) Haselhorst,H (2146)-Wienen,H (1949) Germany 2008}) 10. Be3 Qd7 11. d4 Bg7 12. Qd2 O-O 13. Rad1 Rfd8 14. h3 h5 15. Bf3 Rac8 16. Rfe1 Ne8 (16... b5 $14) 17. a3 Nc7 18. b4 (18. Qe2 $16) 18... Ne6 (18... b5 $11) 19. Ne2 ({White should try} 19. d5 $1 $16) 19... h4 $14 20. a4 Qe8 21. Qa2 Rc7 {[%emt 0:07:30] [#]} (21... Bf6 $14) 22. d5 $1 $18 cxd5 23. Bxd5 (23. cxd5 $18 Nf8 24. Nd4 (24. Bxa7 Rc2 $16)) 23... b6 $16 24. a5 bxa5 25. Qxa5 Rdd7 ({Better is} 25... Rcd7) 26. Qa4 Qd8 27. Qb3 Bf6 (27... Be5 $16 28. c5 Bc2 29. Qxc2 Rxd5) 28. Nc3 $2 ({White should play} 28. Nf4 $18) 28... a6 $2 (28... Bxc3 $11 {and Black stays safe.} 29. Qxc3 Rxd5 30. Rxd5 Qxd5 31. cxd5 Rxc3 32. dxe6 Bxe6) 29. Bb6 {[%emt 0:00:26] And now Ne4 would win.} Qc8 30. Bxc7 Qxc7 31. Ne2 {[%emt 0:02:44] Against Nd4} (31. Bxe6 $142 Bxe6 32. Rxd7 Qxd7 33. Ne4) 31... Ng5 (31... Kg7 $142 32. Qe3 Rd8 33. Bxe6 Rxd1 34. Rxd1 Bxe6) 32. c5 e6 (32... Kg7 {is a better defense.} 33. Qa4 Qc8) 33. Bc4 $18 Rxd1 34. Rxd1 (34. Qxd1 Qb7 $16) 34... a5 35. Nd4 (35. bxa5 $142 {Qb6 is the strong threat.} Qxa5 36. Qb6) 35... Be4 $2 (35... axb4 {was called for.} 36. c6 (36. Qxb4 Bxh3 37. Bf1 Bf5 $16) (36. Nxf5 gxf5 37. Qxb4 Qf4 $14) 36... Be4 37. Qxb4 Be7) 36. Nb5 Qf4 {[%emt 0:01:13] aiming for ...Be5.} 37. Nd6 (37. bxa5 Be5 38. Kf1 (38. f3 $2 Nxf3+ 39. gxf3 Qh2+ 40. Kf1 Bg3 $19) 38... Qh2 $19) (37. f3 $2 {[#]} Bxf3 $1 38. gxf3 a4 $19) 37... Be5 38. Nxe4 (38. Kf1 Qh2 39. Nxe4 Nxe4) 38... Nxe4 39. f3 ({Not} 39. bxa5 $2 Qxf2+ 40. Kh1 Qf4 $19) (39. Qf3 $18 Qh2+ 40. Kf1) 39... Qh2+ {[%emt 0:00:54] Black is clearly winning.} 40. Kf1 Qh1+ 41. Ke2 Nc3+ 42. Kd2 Qxg2+ 43. Ke3 Qg5+ 44. Kd3 Qd8+ 45. Bd5 Nxd1 {[%emt 0:00:22] What a bad dream for White.  Weighted Error Value: White=0.56/Black=0.42} 0-1

[Event "Kezmarok Chess Open 2022"]
[Site "Kezmarok"]
[Date "2022.09.27"]
[Round "5.9"]
[White "Mirowska, Oliwia"]
[Black "Skapikova, Lubica"]
[Result "1-0"]
[ECO "A03"]
[WhiteElo "1856"]
[BlackElo "1823"]
[Annotator "NA RC COMBH"]
[PlyCount "85"]
[EventDate "2022.09.24"]
[EventType "swiss"]
[EventCountry "SVK"]
[SourceTitle "playchess.com"]
[Source "ChessBase"]
[SourceQuality "1"]
[TimeControl "40/5400+30:1800+30"]

1. f4 d5 2. Nf3 Nf6 3. g3 g6 4. Bg2 Bg7 5. d3 O-O 6. O-O c6 7. h3 Nh5 8. Kh2 Qc7 9. e4 e5 10. f5 gxf5 11. Nh4 Nf6 12. Nxf5 dxe4 13. Nxg7 Kxg7 14. Qd2 Ne8 15. Bxe4 f6 16. Qh6+ Kg8 17. g4 Qg7 18. Qh4 Qe7 19. Be3 Be6 20. Bc5 Qg7 21. Bxf8 Kxf8 22. g5 Nd7 23. gxf6 Nexf6 24. Nc3 Ke7 25. Rg1 Qf7 26. Raf1 Rg8 27. Rxg8 Qxg8 28. Bg2 Bd5 29. Nxd5+ cxd5 30. Qb4+ Ke6 31. Qxb7 Qg5 32. Qxa7 Nh5 33. Bxd5+ Kd6 34. Bg2 Qg3+ 35. Kh1 Nf4 36. Qf2 Qg5 37. d4 Nh5 38. dxe5+ Nxe5 39. Rd1+ Ke7 40. Qc5+ Kf6 41. Qf8+ Nf7 42. Rf1+ Ke5 43. Qc5+ 1-0

[Event "Kezmarok Chess Open 2022"]
[Site "Kezmarok"]
[Date "2022.09.27"]
[Round "5.10"]
[White "Ropovik, Samuel"]
[Black "Janik, Marek Tobias"]
[Result "0-1"]
[ECO "C42"]
[WhiteElo "1497"]
[BlackElo "1823"]
[Annotator "NA RC COMBH"]
[PlyCount "70"]
[EventDate "2022.09.24"]
[EventType "swiss"]
[EventCountry "SVK"]
[SourceTitle "playchess.com"]
[Source "ChessBase"]
[SourceQuality "1"]
[TimeControl "40/5400+30:1800+30"]

1. e4 e5 2. Nf3 Nf6 3. Nc3 Bb4 4. Nxe5 O-O 5. Nd3 Bxc3 6. dxc3 Nxe4 7. Be2 Re8 8. Be3 d6 9. O-O Nc6 10. Nf4 Nf6 11. c4 Bf5 12. c3 Ne5 13. Nd5 c6 14. Nxf6+ Qxf6 15. Re1 Qg6 16. Bh5 Qe6 17. Be2 c5 18. b3 Be4 19. Bf4 Rad8 20. Bf1 Qg6 21. Bg3 f5 22. Qd2 b6 23. Rad1 Qf6 24. Kh1 g5 25. f4 gxf4 26. Qxf4 Ng6 27. Rxd6 Nxf4 28. Rxf6 Nh5 29. Rh6 Nxg3+ 30. hxg3 Bxg2+ 31. Kxg2 Rxe1 32. Kf2 Re5 33. Bg2 Rd2+ 34. Kf3 Ree2 35. Rh2 Rf2+ 0-1

[Event "Kezmarok Chess Open 2022"]
[Site "Kezmarok"]
[Date "2022.09.27"]
[Round "5.11"]
[White "Rak, Martin"]
[Black "Sekova, Olivia"]
[Result "1/2-1/2"]
[ECO "B52"]
[WhiteElo "1805"]
[BlackElo "1797"]
[Annotator "NA RC COMBH"]
[PlyCount "117"]
[EventDate "2022.09.24"]
[EventType "swiss"]
[EventCountry "SVK"]
[SourceTitle "playchess.com"]
[Source "ChessBase"]
[SourceQuality "1"]
[TimeControl "40/5400+30:1800+30"]

1. e4 c5 2. Nf3 d6 3. Bb5+ Bd7 4. Bxd7+ Qxd7 5. c4 Nc6 6. d4 Qg4 7. O-O cxd4 8. Nxd4 Qxd1 9. Rxd1 Nxd4 10. Rxd4 g6 11. Na3 Bg7 12. Rd1 Rc8 13. Rb1 Nf6 14. f3 O-O 15. b3 a6 16. Bb2 Rfd8 17. Rd3 Nd7 18. Bxg7 Kxg7 19. Rbd1 Ne5 20. Rd5 Nc6 21. Nc2 b5 22. Ne3 Nb4 23. R5d2 Rc5 24. a3 Nc6 25. b4 Re5 26. c5 Re6 27. cxd6 Rdxd6 28. Nd5 Rd7 29. Nf4 Red6 30. Rxd6 Rxd6 31. Rxd6 exd6 32. Nd5 Nd4 33. Nc7 Nc2 34. Nxa6 Nxa3 35. Kf2 Kf6 36. Ke3 Nc2+ 37. Kd2 $1 Nd4 38. Kd3 Nc6 39. Kc3 Ke5 40. Nc7 Nd4 41. Kd3 g5 42. Nd5 f5 $11 43. Nc3 f4 44. Kd2 Nb3+ 45. Kc2 Nd4+ 46. Kd3 Nc6 47. Nxb5 Nxb4+ 48. Kc3 Nc6 49. Kc4 Na5+ 50. Kb4 Nc6+ 51. Kc4 Na5+ 52. Kb4 Nc6+ 53. Kc4 Ne7 54. Na7 Ng6 55. Nc6+ Ke6 56. Nd4+ Kf6 57. Kd5 Nh4 58. Kxd6 Nxg2 59. e5+ 1/2-1/2